Map: Orbital Shipyard

Players

MorN - Winner!

  • Race: Zerg Zerg
  • League: Master

Mariuslol

  • Race: Protoss Protoss
  • League: Master

VOD

Have the link to the VOD?

Description

Time

  • Played on: Nov. 24, 2015, 1:46 a.m.
  • Length: 18:36
Show
View Real Time Build Order
Export as new Build Order

MorN Zerg - Winner!

Build Orders: Hatch First 

Get SALT Encoding   

  12  0:00  Drone  
  13  0:09  Drone  
  14  0:19  Overlord  
  14  0:37  Drone x3  
  17  0:52  Hatchery  
  16  1:01  Extractor  
  15  1:06  Drone  
  16  1:12  Spawning Pool  
  15  1:22  Drone x2  
  17  1:32  Drone  
  18  1:46  Drone  
  19  1:55  Drone  
  19  1:59  Queen  
  22  2:03  Metabolic Boost  
  22  2:05  Queen  
  24  2:11  Overlord  
  24  2:15  Drone  
  25  2:20  Drone x2  
  27  2:33  Zergling x4  
  29  2:45  Drone  
  29  2:50  Drone x2  
  29  2:51  Hatchery, Drone  
  33  2:53  Drone  
  33  3:03  Queen  
  35  3:07  Drone  
  35  3:08  Overlord  
  36  3:12  Overlord  
  36  3:29  Drone x7  
  43  3:48  Drone x3  
  43  3:49  Drone  
  45  4:04  Roach Warren  
  45  4:07  Extractor  
  45  4:09  Extractor  
  42  4:16  Spore Crawler  
  35  4:31  Drone  
  35  4:32  Drone x11  
  47  4:49  Spore Crawler, Drone  
  47  4:50  Drone x7  
  48  4:56  Spore Crawler  
  47  5:05  Roach  
  47  5:06  Roach x3  
  55  5:09  Lair  
  53  5:23  Drone x3  
  53  5:25  Drone  
  53  5:27  Overlord x2  
  57  5:29  Overlord  
  57  5:43  Evolution Chamber x2  
  57  5:49  Drone x2  
  56  5:51  Drone x12  
  68  6:10  Zerg Missile Weapons Level 1, Zerg Ground Armor Level 1  
  68  6:12  Roach  
  68  6:13  Roach x5  
  68  6:18  Spine Crawler  
  77  6:19  Spine Crawler  
  77  6:20  Drone x2  
  78  6:30  Roach x2  
  78  6:31  Overlord  
  78  6:32  Overlord  
  81  6:42  Queen  
  77  6:48  Roach x2  
  77  6:49  Roach  
  77  6:50  Roach x7  
  96  6:58  Queen  
  93  7:05  Glial Reconstitution  
  92  7:15  Roach x4  
  96  7:16  Roach  
  92  7:31  Queen  
  92  7:51  Extractor  
  92  7:52  Hydralisk Den  
  90  8:13  Drone x2  
  90  8:14  Drone  
  90  8:15  Drone  
  90  8:16  Drone x4  
  90  8:17  Overlord x3  
  98  8:24  Hatchery  
  98  8:26  Drone, Extractor  
  97  8:27  Drone  
  97  8:28  Drone  
  98  8:41  Roach  
  98  8:42  Roach x5  
  98  8:43  Roach x2  
  114  8:50  Muscular Augments  
  114  8:53  Extractor  
  114  8:54  Extractor  
  112  9:03  Drone x3  
  112  9:05  Drone x2  
  117  9:20  Infestation Pit, Hydralisk x3  
  117  9:21  Hydralisk  
  122  9:34  Overlord x3  
  122  9:35  Overlord, Queen  
  114  9:47  Hydralisk x6, Roach  
  126  10:01  Zerg Missile Weapons Level 2  
  126  10:13  Zerg Ground Armor Level 2  
  126  10:16  Drone  
  126  10:17  Drone x18  
  126  10:18  Drone x3  
  130  10:38  Roach  
  130  10:39  Roach x7  
  142  10:43  Queen  
  126  11:09  Spore Crawler  
  126  11:10  Queen  
  110  11:37  Hydralisk x6  
  110  11:38  Hydralisk x12  
  128  11:49  Drone  
  128  11:50  Drone x3  
  132  12:00  Queen  
  134  12:04  Hive  
  134  12:06  Drone x9  
  143  12:20  Hydralisk  
  143  12:23  Overlord x3  
  143  12:24  Overlord x2  
  143  12:25  Drone  
  144  12:45  Drone x4  
  148  12:51  Lurker Den  
  148  12:59  Hydralisk x7  
  162  13:06  Extractor  
  162  13:10  Drone x3, Extractor  
  162  13:11  Hatchery  
  153  13:31  Roach x4  
  153  13:32  Roach x8  
  153  13:56  Hatchery  
  153  13:57  Hydralisk x5  
  160  14:03  Viper  
  160  14:09  Burrow  
  163  14:11  Tunneling Claws  
  163  14:20  Zerg Missile Weapons Level 3  
  163  14:30  Drone x5  
  168  14:54  Zerg Ground Armor Level 3  
  168  14:56  Roach  
  168  14:57  Roach x6  
  182  15:05  Extractor x2  
  180  15:29  Hatchery  
  175  15:53  Roach  
  175  15:54  Roach x12  
  143  16:09  Hydralisk  
  143  16:10  Hydralisk x7  
  149  16:19  Drone  
  149  16:23  Queen  
  151  16:39  Lair x2  
  151  16:41  Roach  
  151  16:42  Roach x4  
  161  16:47  Viper  
  161  16:48  Viper x2  
  167  17:05  Spine Crawler, Queen  
  167  17:07  Spine Crawler  
  165  17:22  Drone  
  165  17:30  Overlord x3  
  165  17:43  Lurker x6  
  165  17:44  Lurker x2  
  173  17:47  Overlord x3  
  173  17:51  Hatchery  
  173  17:58  Roach x9  
  182  17:59  Roach x4  
  198  18:07  Hatchery  
Show
View Real Time Build Order
Export as new Build Order

Mariuslol Protoss 

Build Orders: Nexus First, Oracle Opening 

Get SALT Encoding   

  12  0:01  Probe (Chrono Boost)  
  13  0:11  Probe (Chrono Boost)  
  14  0:19  Pylon  
  14  0:22  Probe (Chrono Boost)  
  15  0:37  Probe (Chrono Boost)  
  16  0:48  Probe (Chrono Boost)  
  17  0:58  Probe (Chrono Boost)  
  18  1:05  Nexus  
  18  1:17  Gateway  
  18  1:22  Assimilator  
  18  1:24  Probe (Chrono Boost), Assimilator  
  19  1:34  Probe (Chrono Boost)  
  20  1:45  Probe (Chrono Boost)  
  21  1:55  Probe (Chrono Boost)  
  21  2:00  Pylon  
  22  2:06  Cybernetics Core, Probe (Chrono Boost)  
  23  2:17  Probe x2 (Chrono Boost)  
  25  2:25  Pylon  
  25  2:27  Probe (Chrono Boost)  
  25  2:28  Probe (Chrono Boost)  
  27  2:32  Pylon  
  27  2:38  Probe x2 (Chrono Boost)  
  29  2:46  Stargate  
  29  2:49  Probe x2 (Chrono Boost)  
  31  2:58  Gateway  
  31  3:00  Adept, Warp Gate  
  31  3:04  Probe (Chrono Boost)  
  34  3:09  Probe (Chrono Boost)  
  35  3:15  Mothership Core (Chrono Boost)  
  38  3:20  Probe (Chrono Boost)  
  38  3:25  Gateway  
  38  3:30  Probe (Chrono Boost), Oracle (Chrono Boost)  
  38  3:33  Probe (Chrono Boost)  
  43  3:41  Probe (Chrono Boost)  
  44  3:44  Probe (Chrono Boost)  
  45  3:49  Pylon  
  45  3:51  Probe (Chrono Boost)  
  45  3:54  Probe (Chrono Boost)  
  44  4:00  Probe (Chrono Boost)  
  44  4:04  Pylon  
  44  4:05  Probe  
  44  4:06  Oracle (Chrono Boost)  
  48  4:10  Probe  
  48  4:11  Robotics Facility  
  49  4:17  Probe  
  49  4:21  Probe  
  51  4:27  Assimilator  
  51  4:29  Probe  
  52  4:36  Gateway  
  52  4:38  Probe  
  52  4:40  Gateway  
  52  4:41  Probe  
  52  4:42  Gateway  
  54  4:58  Warp Prism  
  56  5:03  Gateway  
  56  5:07  Adept  
  56  5:08  Adept x2  
  62  5:30  Pylon  
  62  5:31  Pylon  
  62  5:32  Pylon  
  62  5:34  Adept  
  64  5:58  Adept  
  64  5:59  Adept x4  
  64  6:00  Adept x2  
  78  6:20  Adept x4  
  78  6:21  Adept x3  
  92  6:41  Adept x2  
  92  6:42  Adept x3  
  92  6:47  Pylon  
  102  6:48  Pylon  
  102  6:53  Pylon  
  96  6:54  Pylon  
  96  6:58  Adept  
  90  7:15  Adept x3  
  86  7:16  Adept x3  
  84  7:24  Robotics Bay  
  68  7:39  Stalker x6  
  76  7:45  Assimilator  
  76  8:03  Stalker x4  
  76  8:12  Pylon  
  76  8:16  Nexus  
  76  8:18  Pylon  
  76  8:43  Stalker x3, Immortal, Pylon  
  76  8:44  Stalker x3  
  76  8:45  Pylon  
  76  8:47  Pylon  
  92  8:56  Probe  
  92  8:57  Probe  
  94  9:06  Fleet Beacon, Probe  
  94  9:09  Probe  
  96  9:21  Probe x2  
  96  9:24  Disruptor (Chrono Boost)  
  99  9:32  Probe  
  99  9:34  Probe  
  99  9:37  Stalker x5  
  99  9:38  Probe, Zealot  
  111  9:39  Zealot  
  111  9:42  Probe  
  113  9:49  Probe  
  113  9:50  Probe  
  115  9:53  Probe  
  115  9:59  Probe  
  116  10:00  Disruptor (Chrono Boost), Assimilator  
  116  10:05  Assimilator  
  120  10:07  Stalker  
  120  10:09  Zealot x2  
  126  10:24  Forge  
  114  10:38  Zealot  
  114  10:39  Zealot  
  114  10:41  Probe  
  114  10:42  Probe  
  114  10:43  Disruptor (Chrono Boost)  
  105  11:00  Adept x4  
  107  11:07  Stalker x3  
  111  11:15  Nexus  
  109  11:28  Stalker x4  
  102  11:40  Protoss Ground Weapons Level 1 (Chrono Boost)  
  102  11:41  Disruptor  
  102  11:44  Twilight Council  
  102  12:00  Stalker x6  
  114  12:07  Probe  
  114  12:09  Probe x2  
  114  12:11  Pylon  
  114  12:12  Disruptor, Pylon  
  116  12:25  Mothership Core  
  118  12:37  Stalker x5  
  118  12:38  Stalker  
  118  12:43  Probe x2  
  130  12:44  Probe  
  130  12:46  Probe  
  132  13:06  Disruptor  
  135  13:21  Nexus  
  135  13:25  Blink (Chrono Boost)  
  132  13:35  Protoss Ground Weapons Level 2  
  116  13:41  Disruptor  
  116  13:44  Stalker x5  
  116  13:45  Stalker x2  
  118  14:13  Stalker x6  
  129  14:25  Nexus  
  129  14:26  Warp Prism  
  131  14:38  Stalker x3  
  137  14:55  Zealot x2  
  139  15:02  Zealot x3  
  145  15:18  Disruptor  
  148  15:25  Nexus  
  134  15:53  Zealot  
  134  15:54  Zealot x6  
  86  16:15  Zealot x6  
  88  16:22  Disruptor  
  80  16:43  Zealot  
  80  16:45  Pylon  
  80  16:46  Zealot, Pylon  
  84  16:49  Pylon  
  84  16:55  Templar Archives  
  74  17:07  Assimilator  
  74  17:11  Assimilator  
  80  17:17  Disruptor (Chrono Boost)  
  73  17:23  Pylon  
  73  17:27  Pylon  
  73  17:34  Stalker x5  
  83  17:44  Disruptor (Chrono Boost)  
  83  17:45  Pylon  
  83  17:46  Pylon  
  86  18:04  High Templar x7  
  100  18:09  Pylon  
Tags
 
Add a new tag
Caveats
  • Supply blocks, unpowered buildings, or Contaminate may cause inaccurate times.
  • Supply counts are checked every 10 seconds.